Map: Efflorescence LE

Players

Legion

  • Race: Protoss Protoss
  • League: Diamond
  • Spawn Location: 12:00

LOBstah

  • Race: Zerg Zerg
  • League: Diamond
  • Spawn Location: 3:00

qqq - Winner!

  • Race: Zerg Zerg
  • Spawn Location: 9:00

Massa - Winner!

  • Race: Terran Terran
  • League: Platinum
  • Spawn Location: 6:00

VOD

Have the link to the VOD?

Description

Time

  • Played on: Jan. 27, 2021, 4:15 p.m.
  • Length: 7:23
Show
View Real Time Build Order
Export as new Build Order

Legion Protoss 

Build Orders: Oracle Opening 

Get SALT Encoding   

  12  0:00  Probe  
  13  0:12  Probe  
  14  0:18  Pylon  
  14  0:28  Probe (Chrono Boost)  
  15  0:36  Gateway  
  15  0:40  Probe (Chrono Boost)  
  16  0:44  Assimilator  
  16  0:49  Probe (Chrono Boost)  
  17  0:54  Probe  
  18  0:57  Assimilator  
  18  1:06  Probe  
  19  1:11  Gateway  
  19  1:18  Probe (Chrono Boost)  
  20  1:25  Cybernetics Core  
  20  1:28  Probe (Chrono Boost)  
  21  1:38  Pylon  
  21  1:42  Probe  
  22  2:02  Stargate  
  22  2:05  Warp Gate  
  22  2:07  Adept  
  24  2:10  Stalker  
  24  2:14  Probe  
  27  2:21  Pylon  
  27  2:46  Oracle (Chrono Boost)  
  30  2:59  Nexus  
  30  3:05  Pylon  
  30  3:14  Oracle (Chrono Boost)  
  33  3:23  Shield Battery  
  33  3:31  Probe  
  34  3:39  Void Ray (Chrono Boost)  
  34  3:43  Probe  
  39  3:58  Sentry  
  39  3:59  Stalker  
  41  4:23  Probe x2, Void Ray  
  45  4:36  Zealot x2  
Show
View Real Time Build Order
Export as new Build Order

LOBstah Zerg 

Build Orders: Hatch First, Zergling Baneling 

Get SALT Encoding   

  12  0:00  Drone  
  13  0:13  Overlord  
  13  0:19  Drone  
  14  0:32  Drone x2  
  16  0:37  Drone  
  17  0:55  Hatchery  
  16  0:59  Drone  
  16  1:02  Drone  
  18  1:04  Extractor  
  17  1:18  Spawning Pool  
  16  1:21  Drone  
  17  1:34  Drone x2  
  19  1:45  Overlord  
  20  2:01  Drone x2  
  20  2:06  Metabolic Boost  
  20  2:07  Queen  
  23  2:13  Queen  
  25  2:19  Drone  
  25  2:20  Drone  
  27  2:23  Drone  
  28  2:31  Zergling x4  
  30  2:44  Zergling x4  
  32  2:55  Overlord  
  32  2:59  Drone, Baneling Nest  
  32  3:00  Drone  
  33  3:09  Drone x2  
  35  3:12  Overlord  
  35  3:22  Drone  
  36  3:28  Extractor  
  36  3:30  Queen  
  36  3:32  Spore Crawler  
  36  3:33  Drone  
  37  3:36  Drone x3, Spore Crawler  
  37  3:37  Drone  
  40  3:51  Zergling x4  
  40  3:52  Zergling x4  
  44  4:02  Baneling  
  44  4:03  Baneling x7  
  44  4:05  Overlord x2  
  44  4:15  Overlord x2  
  44  4:28  Drone x7  
  47  4:44  Zergling x2  
  47  4:45  Zergling x2  
  46  4:54  Zergling x2  
  46  4:55  Zergling x4  
  48  5:04  Baneling x2  
  47  5:21  Zergling x4  
  48  5:22  Zergling x8  
  50  5:35  Zergling x2  
  50  5:36  Zergling x2  
  50  5:41  Baneling x3  
  50  5:42  Baneling x3  
  46  6:09  Zergling x10  
  46  6:10  Zergling x6  
  51  6:25  Zergling x14  
  54  6:42  Zergling x2  
  54  6:45  Zergling x2  
  55  6:52  Zergling x10  
  58  7:01  Baneling x2  
Show
View Real Time Build Order
Export as new Build Order

qqq Zerg - Winner!

Build Orders: Hatch First 

Get SALT Encoding   

  12  0:01  Drone  
  13  0:10  Drone  
  14  0:18  Overlord  
  14  0:47  Hatchery  
  13  0:53  Overlord  
  13  0:56  Drone  
  14  1:01  Drone  
  15  1:17  Drone x2  
  17  1:28  Spawning Pool  
  17  1:29  Extractor  
  15  1:36  Drone  
  15  1:39  Drone  
  17  2:03  Drone x2  
  17  2:04  Drone  
  20  2:09  Drone  
  20  2:11  Drone  
  20  2:15  Queen  
  22  2:20  Queen  
  26  2:24  Zergling x2  
  26  2:28  Drone  
  28  2:40  Zergling x2  
  28  2:42  Metabolic Boost  
  29  2:44  Drone x2  
  29  2:47  Zergling x2  
  31  3:00  Drone  
  31  3:01  Zergling x2  
  31  3:04  Overlord  
  33  3:06  Zergling x2  
  34  3:14  Zergling x2  
  34  3:15  Zergling x2  
  36  3:24  Zergling x4, Overlord  
  38  3:30  Zergling x2  
  38  3:31  Zergling x4, Overlord  
  42  3:34  Zergling x2  
  42  3:40  Lair  
  42  3:41  Zergling x2  
  43  3:46  Evolution Chamber  
  42  3:51  Zergling x2  
  42  3:52  Zergling x4  
  45  4:08  Spore Crawler  
  39  4:11  Spore Crawler  
  39  4:16  Drone x2  
  39  4:17  Drone  
  35  4:21  Drone  
  35  4:22  Drone  
  37  4:24  Drone  
  35  5:00  Zergling x6  
  35  5:01  Drone x3  
  35  5:02  Drone  
  35  5:03  Drone x2  
  44  5:12  Zergling x2  
  44  5:13  Zergling x4  
  38  5:36  Drone, Zergling x2  
  38  5:37  Drone x2, Zergling x2  
  43  5:51  Zergling x2  
  43  5:53  Drone  
  37  6:07  Zergling x4  
  37  6:08  Zergling x2  
  38  6:11  Hatchery  
  38  6:15  Zergling x2  
  38  6:16  Zergling x2  
  38  6:23  Zergling x2  
  38  6:24  Zergling x6  
  38  6:25  Zergling x4  
  43  6:27  Zergling x2  
  43  6:39  Hydralisk Den  
  42  6:40  Zergling x2  
  42  6:41  Drone  
  44  7:04  Zergling x2  
  44  7:05  Drone x2  
Show
View Real Time Build Order
Export as new Build Order

Massa Terran - Winner!

Build Orders:  

Get SALT Encoding   

  12  0:00  SCV  
  13  0:12  SCV  
  14  0:17  Supply Depot  
  14  0:25  SCV  
  15  0:39  SCV  
  15  0:40  Barracks  
  16  0:48  Supply Depot  
  16  0:51  SCV  
  17  0:58  Refinery  
  17  1:03  SCV  
  18  1:10  Barracks  
  18  1:15  SCV  
  19  1:27  SCV  
  19  1:32  Barracks  
  20  1:36  Barracks Tech Lab  
  20  1:47  Orbital Command  
  20  1:57  Marauder  
  20  1:59  Marine  
  23  2:17  Marine  
  23  2:20  Marine  
  23  2:21  Stimpack  
  25  2:23  Marine  
  25  2:26  Supply Depot  
  26  2:35  Marine  
  27  2:38  Marauder  
  27  2:41  Marine  
  30  2:51  Supply Depot  
  30  2:53  Marine  
  31  2:58  Marine  
  31  2:59  Marauder  
  34  3:10  Marine  
  35  3:16  Marine  
  36  3:21  Marauder, Supply Depot  
  38  3:28  Marine  
  39  3:34  Marine  
  40  3:42  Marauder  
  40  3:46  Marine  
  43  3:58  Command Center  
  43  4:13  Marauder, Marine x2  
  43  4:14  Engineering Bay  
  47  4:30  Marine  
  48  4:34  Marauder  
  44  4:42  Marine  
  42  4:48  Marine  
  36  4:56  Marauder  
  36  5:00  Marine  
  36  5:07  Marine  
  36  5:17  Marauder  
  36  5:18  Marine  
  36  5:24  Marine  
  36  5:26  Missile Turret  
  36  5:27  Terran Infantry Weapons Level 1  
  37  5:31  Orbital Command  
  37  5:32  SCV  
  38  5:38  Marauder  
  40  5:43  Marine x2  
  40  5:44  SCV  
  43  6:00  Marauder  
  38  6:16  Marine x2  
  40  6:21  Marauder  
  32  6:34  Marine x2  
  32  6:37  Factory  
  32  6:39  Refinery, Barracks  
  34  6:42  Marauder  
  32  6:49  SCV  
  32  6:50  SCV  
  32  6:52  Marine x2  
  34  6:56  Missile Turret  
  34  7:02  SCV x2  
Tags
 
Add a new tag
Caveats
  • Supply blocks, unpowered buildings, or Contaminate may cause inaccurate times.
  • Supply counts are checked every 10 seconds.